 Dungeon Crawl Stone Soup version 0.22.1-1-ga44c0e5 (webtiles) character file.

107 HoaS the Skirmisher (level 4, -3/45 HPs)
             Began as a Gargoyle Berserker on Oct 23, 2018.
             Was a Believer of Trog.
             Slain by a bullfrog (6 damage)
             ... on level 2 of the Dungeon.
             The game lasted 00:06:59 (1913 turns).

HoaS the Skirmisher (Gargoyle Berserker)            Turns: 1913, Time: 00:07:00

Health: -3/45      AC:  6    Str: 25    XL:     4   Next: 86%
Magic:  4/4        EV: 12    Int:  8    God:    Trog [**....]
Gold:   110        SH:  0    Dex: 10    Spells: 3/3 levels left

rFire    . . .     SeeInvis .     - Unarmed
rCold    . . .     Gourm    .   (no shield)
rNeg     + . .     Faith    .   a - +0 animal skin
rPois    ∞         Spirit   .   (no helmet)
rElec    +         Reflect  .   g - +0 cloak
rCorr    .         Harm     .   (no gloves)
MR       .....                  (no boots)
Stlth    ..........             (no amulet)
HPRegen  0.15/turn              (no ring)
MPRegen  0.09/turn              (no ring)

@: berserking, very quick
A: negative energy resistance 1, electricity resistance, unbreathing,
petrification resistance, rot immunity, AC +3
a: Berserk, Trog's Hand, Renounce Religion


You were on level 2 of the Dungeon.
You worshipped Trog.
Trog was pleased with you.
You were very hungry.

You visited 1 branch of the dungeon, and saw 3 of its levels.

You collected 110 gold pieces.

Inventory:

Armour
 a - a +0 animal skin (worn)
 g - a +0 cloak (worn)
Potions
 c - a potion of agility
 e - a potion of ambrosia
 f - a potion of resistance
 h - a potion of heal wounds {unknown}
 j - a potion of curing {unknown}
Comestibles
 b - 3 rations
 d - a chunk of flesh


   Skills:
 * Level 4.3 Fighting
 + Level 2.9 Armour
 + Level 2.2 Dodging
 * Level 3.9 Unarmed Combat


You had 3 spell levels left.
You didn't know any spells.
Your spell library was empty.

Dungeon Overview and Level Annotations

Branches:
Dungeon (3/15)

Altars:
Fedhas


Innate Abilities, Weirdness & Mutations

You are resistant to torment.
Your stone body is resilient. (AC +3)
You are immune to poison.
You resist negative energy. (rN+)
You are resistant to electric shocks. (rElec)
You can survive without breathing.
You are immune to petrification.
You are immune to rotting.


Message History

You hit the bullfrog.
The bullfrog is moderately wounded.
The bullfrog hits you.
* * * LOW HITPOINT WARNING * * *
The bullfrog hits you.
* * * LOW HITPOINT WARNING * * *
The kobold closely misses you.
A red film seems to cover your vision as you go berserk!
You feel yourself moving faster!
You feel mighty!
You are feeling very hungry.
The bullfrog barely misses you. The kobold hits you with a dagger.
* * * LOW HITPOINT WARNING * * *
You punch the bullfrog!
The bullfrog is heavily wounded.
The bullfrog hits you.
* * * LOW HITPOINT WARNING * * *
You punch the bullfrog!
The bullfrog is almost dead.
The bullfrog hits you.
You die...

#.......#.####. #######
##.##.#.#.####. #.....###
#...........)) #.###...#
####.......### #.# ###.##########
######...# ####.### #.##.......#
#...# .......# #.##.#####.# #...#
.###.#.# #.....K.##.# #...#
.###.#.# ####.##@##.# #...#
.##..#.######....F..# #...#
.....#......#.......########...##
≈...........#.##.##.#...........÷
≈≈.......#.......#...............
≈......(..).#.#..#..#............
≈≈≈≈≈≈......#.).....########...##
≈≈≈≈≈≈≈≈#####.#..#).### #...#
≈≈≈≈≈≈≈≈#####.........# #...#


You could see a bullfrog and a kobold.

Vanquished Creatures
  4 gnolls (D:2)
  An adder (D:2)
  An ooze (D:2)
  A worm (D:2)
  A dart slug (D:2)
  A leopard gecko (D:1)
  2 ball pythons
  A giant cockroach (D:1)
  7 goblins
  12 hobgoblins
  2 jackals (D:1)
  2 quokkas (D:2)
  4 bats
  6 frilled lizards
  3 kobolds
  A rat (D:1)
49 creatures vanquished.

Vanquished Creatures (others)
  A bat (D:2)
  A goblin (D:2)
  A kobold (D:2)
  2 rats (D:2)
5 creatures vanquished.

Grand Total: 54 creatures vanquished

Notes
Turn   | Place    | Note
-------+----------+-------------------------------------------
     0 | D:1      | HoaS the Gargoyle Berserker began the quest for the Orb.
     0 | D:1      | Reached XP level 1. HP: 14/14 MP: 1/1
   282 | D:1      | Reached XP level 2. HP: 18/19 MP: 2/2
   462 | D:1      | Reached ** piety under Trog
   462 | D:1      | Reached XP level 3. HP: 7/24 MP: 3/3
  1165 | D:2      | Reached skill level 4 in Fighting
  1190 | D:2      | Found a faded altar of an unknown god.
  1310 | D:2      | Found a blossoming altar of Fedhas.
  1383 | D:2      | Reached XP level 4. HP: 29/29 MP: 4/4
  1894 | D:3      | Noticed a bullfrog
  1913 | D:2      | Slain by a bullfrog

Skill      XL: |  1  2  3 |
---------------+----------+-----
Dodging        | 2 |  2.2
Fighting       | 4 |  4.3
Armour         | |  2.9
Unarmed Combat | |  3.9

Action                   |  1- 3 |  4- 6 || total
-------------------------+-------+-------++-------
Melee: Unarmed           |   144 |    57 ||   201
       Punch             |     2 |     1 ||     3
Invok: Berserk           |     2 |     1 ||     3
  Use: Scroll            |     4 |     1 ||     5
  Eat: Chunk             |     3 |     2 ||     5
Armor: Animal skin       |    39 |    20 ||    59
Dodge: Dodged            |    69 |    43 ||   112
